 Dungeon Crawl Stone Soup version 0.29.0-15-g675c0067aa (webtiles) character file.

Game seed: 4755233276720883566

39 qw the Chopper (level 3, -11/23 HPs)
             Began as a Gargoyle Fighter on Sept 12, 2022.
             Killed by an exploding butterfly (20 damage)
             ... ignited by their inner flame
             ... on level 2 of the Dungeon.
             The game lasted 00:00:29 (1899 turns).

qw the Chopper (Gargoyle Fighter)                   Turns: 1899, Time: 00:00:30

Health: -11/23     AC: 10    Str: 20 (21) XL:     3   Next: 47%
Magic:  3/3        EV:  9    Int:  5 (8)  God:
Gold:   52         SH:  4    Dex:  6 (9)  Spells: 2/2 levels left

rFire   . . .      SeeInvis .   Y - +0 war axe (protect)
rCold   . . .      Faith    .   c - +0 buckler
rNeg    + . .      Spirit   .   b - +0 scale mail
rPois   inf        Reflect  .   (no helmet)
rElec   +          Harm     .   (no cloak)
rCorr   .          Rampage  .   (no gloves)
Will    .....                   (no boots)
Stlth   ..........              (no amulet)
HPRegen 0.07/turn               (no ring)
MPRegen 0.08/turn               (no ring)

@: invisible
A: sickness immunity, AC +3, negative energy resistance 1, electricity
resistance, torment resistance 1, petrification resistance
a: no special abilities


You were on level 2 of the Dungeon.
You visited 1 branch of the dungeon, and saw 2 of its levels.

You collected 52 gold pieces.


Innate Abilities, Weirdness & Mutations

You are immune to sickness and miasma.
Your stone body is resilient. (AC +3)
You are immune to poison.
You resist negative energy. (rN+)
You are resistant to electric shocks. (rElec)
You are resistant to unholy torment.
You are immune to petrification.


   Skills:
 - Level 3.2 Fighting
 + Level 3.4 Axes
 - Level 3.2 Armour
 - Level 3.2 Shields


You had 2 spell levels left.
You didn't know any spells.
Your spell library was empty.

Inventory:

Hand Weapons
 i - a +0 club
 Y - a +0 war axe of protection (weapon)
Armour
 b - a +0 scale mail (worn)
 c - a +0 buckler (worn)
Scrolls
 a - 4 scrolls of identify
 l - a scroll of enchant armour
Potions
 d - 2 potions of might
 e - a potion of invisibility
 g - a potion of curing
 h - a potion of cancellation

Dungeon Overview and Level Annotations

Branches:
Dungeon (2/15)

Altars:
Kikubaaqudgha


Message History

1893 ||| READING scroll labelled ECWUJU TELU.
As you read the scroll labelled ECWUJU TELU, it crumbles to dust.
You hear the tinkle of a tiny bell.
It was a scroll of butterflies.
Done exploring.
1894 ||| READING scroll labelled TAXZAZ RURUO.
The air fills with toxic fumes!
As you read the scroll labelled TAXZAZ RURUO, it crumbles to dust.
It was a scroll of poison.
Your butterfly is engulfed in poison gas.
Your butterfly is poisoned.
You kill your butterfly!
Your butterfly disappears in a burst of colours!
Done exploring.
1895 ||| READING scroll labelled NAOCZOSAPSA.
As you read the scroll labelled NAOCZOSAPSA, it crumbles to dust.
The creatures around you are filled with an inner flame!
It was a scroll of immolation.
Your butterfly is engulfed in poison gas.
Your butterfly is poisoned.
Your butterfly disappears in a burst of colours!
Your butterfly explodes!
Done exploring.
1896 ||| DRINKING 2 bubbling grey potions.
It was a potion of invisibility.
You fade into invisibility!
Your butterfly is engulfed in blazing flames.
Your butterfly disappears in a burst of colours!
Your butterfly explodes!
The fiery explosion engulfs your butterfly!!
Your butterfly disappears in a burst of colours!
Your butterfly explodes!
The fiery explosion engulfs you!
Ouch! That really hurt!
You start resting.
Your butterfly is engulfed in blazing flames.
Your butterfly disappears in a burst of colours!
Your butterfly explodes!
The fiery explosion engulfs you!!
Ouch! That really hurt!
You die...

#......##...##....# ###..####.#
##.#####8...8##¤#.######....#.#
#.# ##...###¤#.............#
#.# #...###¤########.##.#.##
#.# ##...##¤¤0.####..........
#.# #8...8#¤¤¤...##.#.##.####
#.# ##...###¤#.#.##.#.##.....
#.# #...#.#¤#.#.##.#.##.####
#.# ##..#.¤@#.#.##.#.##..# #.#
##.#####.#.##.#.##..## #.# #.#
#.#....#..#...## #.#
#.#####.#######.#.#... #.#
#.................#### #.#
#######.#######....... #.#####
#.# ######### #.....# #.#
#[....... #####.# #^# #.#######


There were no monsters in sight!

Vanquished Creatures
  An adder (D:2)
  2 dart slugs
  2 endoplasms (D:1)
  2 hobgoblins
  5 jackals (D:1)
  2 kobolds (D:1)
  A quokka (D:1)
  3 ball pythons
  5 bats
  A frilled lizard (D:2)
  A goblin (D:2)
25 creatures vanquished.

Notes
Turn   | Place    | Note
-------+----------+-------------------------------------------
     0 | D:1      | qw the Gargoyle Fighter began the quest for the Orb.
     0 | D:1      | Reached XP level 1. HP: 14/14 MP: 1/1
     0 | D:1      | 0 ||| qw: Version: 0.1-a-119-g272c26d
     0 | D:1      | 0 ||| qw: Game counter: 10884
     0 | D:1      | 0 ||| qw: Always use a shield: true
     0 | D:1      | 0 ||| qw: God list: Okawaru
     0 | D:1      | 0 ||| qw: Allow faded altars: false
     0 | D:1      | 0 ||| qw: Do Orc after D:15 true
     0 | D:1      | 0 ||| qw: Do second Lair branch before Depths: true
     0 | D:1      | 0 ||| qw: Lair rune preference: random
     0 | D:1      | 0 ||| qw: Plans: Normal, Zot, God:TSO, Crypt, Tomb, Pan,
                  | Slime, Hells, Zig, Abyss, Orb
     0 | D:1      | 0 ||| PLANNING D:1-11
    62 | D:1      | 62 ||| Stepping ~*~*~tactically~*~*~ (stealth).
    82 | D:1      | 82 ||| Stepping ~*~*~tactically~*~*~ (stealth).
   144 | D:1      | Reached XP level 2. HP: 19/19 MP: 2/2
   145 | D:1      | Noticed a great orb of eyes
   147 | D:1      | Found a faded altar of an unknown god.
   149 | D:1      | Noticed a great orb of eyes
   149 | D:1      | Noticed a floating eye
   149 | D:1      | Noticed a shining eye
   529 | D:1      | 529 ||| Stepping ~*~*~tactically~*~*~ (stealth).
   559 | D:1      | 559 ||| Stepping ~*~*~tactically~*~*~ (hiding).
   777 | D:1      | Reached skill level 3 in Axes
   835 | D:1      | 835 ||| READING 5 scrolls labelled MUORIH ZEILY.
   836 | D:1      | 836 ||| READING scroll labelled WARPHY JIOFAFOT.
   837 | D:1      | 837 ||| READING scroll labelled WICLAU QOXEM.
   838 | D:1      | 838 ||| READING scroll labelled ARPHIM ASHRICHEG.
   839 | D:1      | 839 ||| READING 2 scrolls labelled LEUMUNWOMASH.
   840 | D:1      | 840 ||| DRINKING 2 fizzy dark potions.
   841 | D:1      | 841 ||| READING 4 scrolls of identify.
   841 | D:1      | 841 ||| IDENTIFYING white potion
   842 | D:1      | 842 ||| READING 3 scrolls of identify.
   842 | D:1      | 842 ||| IDENTIFYING glowing puce potion
   843 | D:1      | 843 ||| DROPPING potion of degeneration.
   976 | D:2      | Reached XP level 3. HP: 22/23 MP: 3/3
  1592 | D:2      | Found an ancient bone altar of Kikubaaqudgha.
  1792 | D:2      | 1792 ||| READING scroll labelled XIUFRAH KEASIZE.
  1893 | D:2      | 1893 ||| READING scroll labelled ECWUJU TELU.
  1894 | D:2      | 1894 ||| READING scroll labelled TAXZAZ RURUO.
  1895 | D:2      | 1895 ||| READING scroll labelled NAOCZOSAPSA.
  1896 | D:2      | 1896 ||| DRINKING 2 bubbling grey potions.
  1899 | D:2      | Killed by an exploding butterfly... ignited by their inner
                  | flame

Levels and vault maps discovered:
D:1:      mrwooster_arrival_statue_2, layout_basic,
          hellmonk_ecumenical_altar_watching_god, chequers_serial_rivers_room_a
D:2:      layout_basic, basic_altar, serial_corexii_hall,
          corexii_hall_statues_deadend, chequers_hall_statues_wall_a

Skill      XL: |  1  2 |
---------------+-------+-----
Axes           | 2 3 |  3.4
Fighting       | |  3.2
Armour         | |  3.2
Shields        | |  3.2

Action                   || total
-------------------------++-------
Melee: War axe           ||    82
  Use: Scroll            ||    11
       Potion            ||     2
Armor: Scale mail        ||    55
Dodge: Dodged            ||    42
Block: Buckler           ||    16

Table legend:
 A = Non-vault XP
 B = Vault XP
 C = Vault XP percentage of total XP
 D = Non-vault monster count
 E = Vault monster count
 F = Vault count percentage of total count
                 A         B        C        D         E       F
            +---------+---------+-------+---------+---------+-------
      Total |      57 |       0 |   0.0 |      25 |       0 |   0.0
            +---------+---------+-------+---------+---------+-------
        D:1 |      30 |       0 |   0.0 |      17 |       0 |   0.0
        D:2 |      27 |       0 |   0.0 |       8 |       0 |   0.0
            +---------+---------+-------+---------+---------+-------
